 Dungeon Crawl Stone Soup version 0.29.0-11-gd7f09526c8 (webtiles) character file.

Game seed: 15010293543386429376

7 smilodon the Trooper (level 1, 0/18 HPs)
             Began as a Demonspawn Fighter on Sept 6, 2022.
             Slain by a kobold
             ... wielding a +2 short sword of freezing
              (1 damage)
             ... on level 1 of the Dungeon.
             The game lasted 00:00:35 (280 turns).

smilodon the Trooper (Demonspawn Fighter)            Turns: 280, Time: 00:00:36

Health: 0/18       AC:  6    Str: 16    XL:     1   Next: 91%
Magic:  1/1        EV:  8    Int:  9    God:
Gold:   8          SH:  4    Dex: 12    Spells: 0/0 levels left

rFire   . . .      SeeInvis .   a - +0 war axe
rCold   + . .      Faith    .   c - +0 buckler
rNeg    . . .      Spirit   .   b - +0 scale mail
rPois   .          Reflect  .   (no helmet)
rElec   .          Harm     .   (no cloak)
rCorr   .          Rampage  .   (no gloves)
Will    .....                   (no boots)
Stlth   ..........              (no amulet)
HPRegen 0.06/turn               f - ring of protection from cold
MPRegen 0.07/turn               (no ring)

@: no status effects
A: no striking features
a: no special abilities


You were on level 1 of the Dungeon.
You visited 1 branch of the dungeon, and saw 1 of its levels.

You collected 8 gold pieces.

Inventory:

Hand Weapons
 a - a +0 war axe (weapon)
Armour
 b - a +0 scale mail (worn)
 c - a +0 buckler (worn)
Jewellery
 f - a ring of protection from cold (left hand)
Scrolls
 e - 2 scrolls of noise {unknown}
 g - a scroll of immolation {unknown}
Potions
 d - a potion of might


   Skills:
 + Level 3.1 Fighting
 + Level 2.0 Axes
 + Level 2.8 Armour
 + Level 2.8 Shields


You couldn't memorise any spells.
You didn't know any spells.
Your spell library was empty.

Dungeon Overview and Level Annotations

Branches:
Dungeon (1/15)

Altars:


Message History

You closely miss the kobold.
The kobold hits you with a +2 short sword of freezing.
You miss the kobold. You block the kobold's attack.
The kobold barely misses you.
You closely miss the kobold. You block the kobold's attack.
You miss the kobold. The kobold closely misses you.
The kobold hits you but does no damage.
You closely miss the kobold. You closely miss the goblin.
The goblin hits you but does no damage.
The kobold hits you with a +2 short sword of freezing.
You miss the kobold. You barely miss the goblin. The goblin barely misses you.
The kobold hits you but does no damage. The goblin hits you with a +0 club.
You closely miss the kobold. You hit the goblin.
You kill the goblin!
The kobold hits you with a +2 short sword of freezing.
You block the kobold's attack.
Your Axes skill increases to level 2!
You closely miss the kobold.
The kobold hits you with a +2 short sword of freezing.
You are too injured to fight recklessly!
You are too injured to fight recklessly!
You are too injured to fight recklessly!
You are too injured to fight recklessly!
You are too injured to fight recklessly!
You are too injured to fight recklessly!
You are too injured to fight recklessly!
You are too injured to fight recklessly!
You are too injured to fight recklessly!
You are too injured to fight recklessly!
You are too injured to fight recklessly!
You are too injured to fight recklessly!
You are too injured to fight recklessly!
You are too injured to fight recklessly!
You are too injured to fight recklessly!
A kobold is nearby!
You barely miss the kobold.
The kobold hits you with a +2 short sword of freezing.
* * * LOW HITPOINT WARNING * * *
The kobold freezes you.
You die...

##........
.........~~~~~≈~ # #.....
...≈≈≈≈≈≈≈ # ##. #....#
...~≈≈≈≈≈≈ #. ..
.....#....~≈≈#'#'
.#..#.##....#....~≈≈'...
...............$.~≈≈'...
.......).........~≈≈#'##
......K@...# ....~≈≈≈≈'.
.....#.##)..##....≈≈≈≈≈#.
...................g≈≈≈≈#.
......#.##..###....~≈≈≈≈'.
...................~≈≈#'##
............###....~≈≈'...
#.................≈≈≈'...
#..........###....~≈≈#'#'
#..........# #....~≈≈≈≈≈≈


You could see a kobold.

Vanquished Creatures
  2 bats (D:1)
  A giant cockroach (D:1)
  A goblin (D:1)
  A hobgoblin (D:1)
  A quokka (D:1)
6 creatures vanquished.

Notes
Turn   | Place    | Note
-------+----------+-------------------------------------------
     0 | D:1      | smilodon the Demonspawn Fighter began the quest for the
                  | Orb.
     0 | D:1      | Reached XP level 1. HP: 18/18 MP: 1/1
   280 | D:1      | Slain by a kobold

Illustrated notes

Levels and vault maps discovered:
D:1:      dpeg_arrival_castle, layout_basic, minmay_misc_feat_enclosed,
          corner_web_ring

Skill      XL: |  1 |
---------------+----+-----
Axes           | 2 |  2.0
Fighting       | |  3.1
Armour         | |  2.8
Shields        | |  2.8

Action                   || total
-------------------------++-------
Melee: War axe           ||    20
Armor: Scale mail        ||    12
Dodge: Dodged            ||     7
Block: Buckler           ||     7
